 Dungeon Crawl Stone Soup version 0.21.1-1-g345015f (webtiles) character file.

31404 snakesoul the Blocker (level 13, -1/104 HPs)
             Began as a Gnoll Fighter on June 24, 2018.
             Was the Champion of Yredelemnul.
             Killed by divine providence
             ... invoked by Saint Roka
              (10 damage)
             ... on level 2 of the Orcish Mines.
             The game lasted 00:47:55 (16991 turns).

snakesoul the Blocker (Gnoll Fighter)              Turns: 16991, Time: 00:47:56

Health: -1/104     AC: 16    Str: 27    XL:     13   Next: 57%
Magic:  25/25      EV: 15    Int: 11    God:    Yredelemnul [******]
Gold:   1355       SH:  0    Dex: 14    Spells: 28/28 levels left

rFire    . . .     SeeInvis .   X - +2 glaive (venom)
rCold    . . .     Gourm    .   (shield currently unavailable)
rNeg     . . .     Faith    +   b - +0 scale mail
rPois    .         Spirit   .   P - +2 hat
rElec    .         Reflect  .   g - +0 cloak
rCorr    .         Harm     .   k - +1 pair of gloves {archery}
MR       +....                  L - +0 pair of boots
Stlth    ++++......             m - amulet of faith
HPRegen  0.27/turn              o - +3 ring of strength
MPRegen  0.19/turn              w - ring of protection from magic

@: wreathed by umbra
A: distributed training, fangs 1, strong nose
a: Recall Undead Slaves, Injury Mirror, Animate Dead, Drain Life, Enslave Soul,
Renounce Religion


You were on level 2 of the Orcish Mines.
You worshipped Yredelemnul.
Yredelemnul was exalted by your worship.
You were not hungry.

You visited 3 branches of the dungeon, and saw 18 of its levels.
You also visited: Ossuary and Volcano.

You collected 1355 gold pieces.

Inventory:

Hand Weapons
 v - a +5 long sword of slicing
 K - the +8 whip "Snakebite" {curare, rPois}
   (You found it on level 4 of the Lair of Beasts)

   It poisons the flesh of those it strikes.
   It protects you from poison.
 X - a +2 glaive of venom (weapon)
Armour
 b - a +0 scale mail (worn)
 c - a +0 shield
 g - a +0 cloak (worn)
 k - a +1 pair of gloves of archery (worn)
 L - a +0 pair of boots (worn)
 P - a +2 hat (worn)
Jewellery
 m - an amulet of faith (around neck)
 o - a +3 ring of strength (left hand)
 w - a ring of protection from magic (right hand)
 V - an uncursed ring of protection from cold
Wands
 x - a wand of digging (10)
 y - a wand of scattershot (12)
 J - a wand of iceblast (34)
 T - a wand of enslavement (18)
 Z - a wand of flame (27)
Scrolls
 e - 7 scrolls of remove curse
 h - a scroll of torment {unknown}
 i - 8 scrolls of teleportation
 j - 9 scrolls of identify
 n - 5 scrolls of enchant weapon
 r - a scroll of random uselessness {unknown}
 s - 4 scrolls of fear {unknown}
 A - 3 scrolls of magic mapping {unknown}
 C - 4 scrolls of enchant armour {unknown}
 D - a scroll of immolation {unknown}
 H - a scroll of brand weapon {unknown}
 O - 4 scrolls of blinking {unknown}
 U - a scroll of amnesia {unknown}
Potions
 d - 4 potions of brilliance {unknown}
 l - a potion of magic {unknown}
 p - 2 potions of cancellation {unknown}
 q - 2 potions of lignification
 u - 2 potions of ambrosia {unknown}
 z - a potion of resistance
 E - 3 potions of degeneration {unknown}
 F - 2 potions of invisibility {unknown}
 G - a potion of agility {unknown}
 M - a potion of might
 S - 2 potions of haste {unknown}
 W - 2 potions of mutation {unknown}
Books
 t - a book of Cantrips

   Spells                             Type                      Level
   a - Confusing Touch                Hexes                        1
   b - Animate Skeleton               Necromancy                   1
   c - Summon Small Mammal            Summoning                    1
   d - Apportation                    Translocation                1
 N - a book of Clouds

   Spells                             Type                      Level
   a - Poisonous Vapours              Poison/Air                   2
   b - Mephitic Cloud                 Conjuration/Poison/Air       3
   c - Conjure Flame                  Conjuration/Fire             3
   d - Freezing Cloud                 Conjuration/Ice/Air          6
   e - Ring of Flames                 Charms/Fire                  7
 Q - a book of the Earth

   Spells                             Type                      Level
   a - Leda's Liquefaction            Hexes/Earth                  4
   b - Bolt of Magma                  Conjuration/Fire/Earth       5
   c - Statue Form                    Transmutation/Earth          6
   d - Iron Shot                      Conjuration/Earth            6
   e - Shatter                        Earth                        9
 R - a book of Misfortune

   Spells                             Type                      Level
   a - Confusing Touch                Hexes                        1
   b - Confuse                        Hexes                        3
   c - Gell's Gravitas                Translocation                3
   d - Petrify                        Transmutation/Earth          4
   e - Metabolic Englaciation         Hexes/Ice                    5
   f - Yara's Violent Unravelling     Hexes/Transmutation          5
Comestibles
 a - 6 chunks of flesh
 f - 43 rations


   Skills:
 + Level 10.5 Fighting
 + Level 8.3 Short Blades
 + Level 8.3 Long Blades
 + Level 8.3 Axes
 + Level 8.3 Maces & Flails
 + Level 9.5 Polearms
 + Level 8.3 Staves
 + Level 8.3 Slings
 + Level 8.3 Bows
 + Level 8.3 Crossbows
 + Level 8.3 Throwing
 + Level 10.5 Armour
 + Level 8.3 Dodging
 + Level 8.3 Stealth
 + Level 10.5 Shields
 + Level 8.3 Unarmed Combat
 + Level 8.3 Spellcasting
 + Level 6.9 Conjurations
 + Level 6.9 Hexes
 + Level 6.9 Charms
 + Level 6.9 Summonings
 + Level 6.9 Necromancy
 + Level 6.9 Translocations
 + Level 6.9 Transmutations
 + Level 6.9 Fire Magic
 + Level 6.9 Ice Magic
 + Level 6.9 Air Magic
 + Level 6.9 Earth Magic
 + Level 6.9 Poison Magic
 + Level 9.0 Invocations
 + Level 8.3 Evocations


You had 28 spell levels left.
You didn't know any spells.

Dungeon Overview and Level Annotations

Branches:
Dungeon (11/15)            Temple (0/1) D:7            Lair (5/6) D:9
  Swamp (0/4) Lair:4       Spider (0/4) Lair:3          Orc (2/2) D:11
    Elf (0/3) Orc:2
  Slime: Lair:5-6

Altars:
Cheibriados
Dithmenos
Elyvilon
Hepliaklqana
Qazlal
Sif Muna
Uskayaw
Yredelemnul
Zin

Shops:
D:6 (   Orc:2 %=

Annotations:
Orc:2 Saint Roka


Innate Abilities, Weirdness & Mutations

Your experience applies equally to all skills.
You have very sharp teeth.
Your uncanny sense of smell can sniff out nearby items.


Message History

Your centaur zombie is destroyed!
An ogre comes into view. It is wielding a giant spiked club.
The ogre shouts!
You hear a shout! x2
You swap places.
Saint Roka invokes the aid of Beogh against you.
Beogh smites you!
* * * LOW HITPOINT WARNING * * *
You hear a shout! x2
You swap places.
You see here a bolt.
The orc shoots a bolt.
The bolt barely misses your skeletal warrior.
The bolt barely misses your profane servitor.
The bolt misses you. The bolt hits your bone dragon.
Saint Roka roars a battlecry!
You hear a shout!
Saint Roka invokes the aid of Beogh against you.
Beogh smites you!
You die...
Your body rises from the dead as a mindless zombie.

...####≈≈≈≈..(..#..#.....#
.∩...))().()..............
.∩....))..................
...####≈≈≈≈Z.(..#..#......
# ###≈≈≈≈ZZ....#..##....#
##≈≈≈≈.ZZZZ......#...###
#≈≈≈..ZzZZZ.(.#..##.#.##
#≈≈..ZZZDWZ..##..###....
###...##A@##..##..)###....
.......zZAZ.......#.#...#.
........W............#.#..
..................#..(..)Z
.....o................(())
...ooO...........#.....)(.
..........#..###########..
..o............ ∆ #...
..........8...8 ##..


You could see Saint Roka, an ogre, 3 orcs, a friendly bone dragon, 2 friendly
profane servitors, 2 friendly skeletal warriors, a friendly flayed ghost, a
friendly spectral orc warlord, a friendly wraith, 6 friendly orc zombies, 7
friendly orc warrior zombies, a friendly orc wizard zombie, a friendly ogre
zombie and a friendly orc sorcerer skeleton.

Vanquished Creatures
  Harold (D:10)
  2 two-headed ogres (D:9)
  Urug (D:10)
  Pikel (D:9)
  An elephant (Lair:4)
  A black mamba (Lair:1)
  A centaur zombie (D:7)
  Maurice (Orc:1)
  A spiny frog (Lair:1)
  A komodo dragon (Lair:3)
  2 jumping spiders (Lair:3)
  A queen bee (D:11)
  4 hippogriffs
  A shadow (D:10)
  2 redbacks (Lair:3)
  A wraith (D:9)
  14 yaks
  A wyvern (Lair:2)
  A basilisk (D:9)
  A swamp worm (Lair:4)
  5 water moccasins
  An ice beast (D:5)
  A slave (D:9)
  A necrophage (D:6)
  7 orc warriors
  14 wolves
  3 ogres
  5 centaurs
  Blork the orc (D:5)
  A big kobold (D:8)
  3 crocodiles (Lair:4)
  8 bullfrogs
  3 water moccasin zombies (Ossuary)
  3 scorpions
  27 killer bees
  An electric eel (Lair:4)
  A wight (D:11)
  4 howler monkeys
  4 crimson imps
  2 bullfrog zombies
  6 hounds
  4 jellies
  6 centaur skeletons
  8 orc priests
  20 orc wizards
  Jessica (D:2)
  2 bullfrog skeletons
  3 iguanas
  10 worker ants
  4 big kobold zombies (Ossuary)
  A hound skeleton (D:6)
  2 mummies (Ossuary)
  4 gnolls (D:2)
  17 adders
  6 shadow imps
  3 oozes
  3 adder skeletons
  4 adder zombies (Ossuary)
  10 worms
  5 dart slugs
  A leopard gecko (D:6)
  46 orcs
  5 bats
  4 giant cockroaches
  12 goblins
  8 hobgoblins
  9 jackals
  10 kobolds
  7 quokkas
  A ball python (D:3)
  8 frilled lizards
  5 hobgoblin zombies (Ossuary)
  A jackal skeleton (D:4)
  5 kobold zombies (Ossuary)
  5 orc zombies (Ossuary)
  7 rats
  A fungus (Lair:3)
388 creatures vanquished.

Vanquished Creatures (collateral kills)
  Erolcha (Orc:1)
  The ghost of shugdite the Carver, a journeyman MiFi of Okawaru (D:9)
  4 hydras
  2 catoblepae (Lair:4)
  A two-headed ogre (Orc:1)
  The ghost of poxu the Thaumaturge, a journeyman DEWz of Vehumet (D:11)
  Sonja (Lair:3)
  An orc sorcerer (Orc:2)
  An orc knight (Orc:2)
  A faun (Lair:1)
  3 elephants (Lair:4)
  A centaur zombie (D:10)
  A manticore (D:11)
  2 black mambas (Lair:4)
  Psyche (D:10)
  3 spiny frogs
  A gargoyle (D:11)
  A centaur skeleton (D:10)
  2 rime drakes (Lair:4)
  3 komodo dragons
  A troll (Orc:1)
  A polar bear (Lair:4)
  A hippogriff (D:8)
  15 yaks
  2 wraiths
  4 basilisks
  3 swamp worms (Lair:4)
  6 water moccasins
  3 porcupines
  24 orc warriors
  An ice beast (D:11)
  A sky beast (D:9)
  An eye of draining (D:10)
  2 phantoms
  4 ogres
  5 centaurs
  6 crocodiles
  25 wolves
  2 bullfrogs
  A scorpion (D:8)
  5 killer bees
  A wight (D:11)
  4 howler monkeys (D:8)
  3 crimson imps
  A quasit (D:9)
  A hound (D:10)
  7 orc priests
  8 orc wizards
  A worker ant (D:10)
  A hound zombie (D:11)
  A worker ant zombie (D:10)
  3 adders
  An adder skeleton (D:6)
  45 orcs
  A jackal (D:10)
  A quokka (D:9)
  A bush (Lair:3)
  2 butterflies (Lair:1)
  12 fungi
  4 plants
243 creatures vanquished.

Vanquished Creatures (others)
  A flayed ghost (Orc:2)
  3 phantasmal warriors
  3 flying skulls
  A redback (Lair:3)
  A black mamba zombie (Lair:1)
  4 wraiths
  2 vampires (Orc:2)
  A spiny frog zombie (Lair:1)
  An elephant zombie (Lair:4)
  A rime drake zombie (Lair:4)
  A water moccasin zombie (Lair:3)
  A polar bear zombie (Lair:4)
  A yak zombie (Lair:4)
  A wight (D:8)
  8 wolf zombies
  3 centaur zombies
  A wolf skeleton (Lair:1)
  A big kobold zombie (D:9)
  14 killer bee zombies
  An ogre zombie (D:11)
  A sky beast zombie (D:9)
  A mummy (D:8)
  A howler monkey zombie (D:7)
  2 scorpion zombies
  An adder skeleton (Lair:4)
  A quokka (D:9)
  A jackal skeleton (D:8)
  A jackal zombie (D:8)
  An orc skeleton (D:11)
  11 orc zombies
  A fungus (Lair:3)
  2 plants (Lair:4)
74 creatures vanquished.

Grand Total: 705 creatures vanquished

Notes
Turn   | Place    | Note
-------+----------+-------------------------------------------
     0 | D:1      | snakesoul the Gnoll Fighter began the quest for the Orb.
     0 | D:1      | Reached XP level 1. HP: 23/23 MP: 1/1
    40 | D:1      | Reached XP level 2. HP: 26/29 MP: 2/2
   180 | D:1      | Reached XP level 3. HP: 30/35 MP: 3/3
   287 | D:1      | Reached skill level 1 in Invocations
   648 | D:2      | Reached skill level 1 in Short Blades
   648 | D:2      | Reached skill level 1 in Long Blades
   648 | D:2      | Reached skill level 1 in Axes
   648 | D:2      | Reached skill level 1 in Maces & Flails
   648 | D:2      | Reached skill level 1 in Staves
   648 | D:2      | Reached skill level 1 in Slings
   648 | D:2      | Reached skill level 1 in Bows
   648 | D:2      | Reached skill level 1 in Crossbows
   648 | D:2      | Reached skill level 1 in Throwing
   648 | D:2      | Reached skill level 1 in Dodging
   648 | D:2      | Reached skill level 1 in Stealth
   648 | D:2      | Reached skill level 1 in Unarmed Combat
   648 | D:2      | Reached skill level 1 in Spellcasting
   648 | D:2      | Reached skill level 1 in Evocations
   682 | D:2      | Reached XP level 4. HP: 41/41 MP: 5/5
   707 | D:2      | Found a faded altar of an unknown god.
   723 | D:2      | Reached skill level 1 in Conjurations
   723 | D:2      | Reached skill level 1 in Hexes
   723 | D:2      | Reached skill level 1 in Charms
   723 | D:2      | Reached skill level 1 in Summonings
   723 | D:2      | Reached skill level 1 in Necromancy
   723 | D:2      | Reached skill level 1 in Translocations
   723 | D:2      | Reached skill level 1 in Transmutations
   723 | D:2      | Reached skill level 1 in Fire Magic
   723 | D:2      | Reached skill level 1 in Ice Magic
   723 | D:2      | Reached skill level 1 in Air Magic
   723 | D:2      | Reached skill level 1 in Earth Magic
   723 | D:2      | Reached skill level 1 in Poison Magic
   742 | D:2      | Reached XP level 5. HP: 16/47 MP: 6/6
  1468 | D:2      | Noticed Jessica
  1470 | D:2      | Killed Jessica
  1861 | D:3      | Reached XP level 6. HP: 53/53 MP: 8/8
  1972 | D:3      | Found a hazy altar of Hepliaklqana.
  1972 | D:3      | Found a glowing silver altar of Zin.
  2099 | D:4      | Reached skill level 5 in Polearms
  2284 | D:4      | Reached XP level 7. HP: 56/59 MP: 10/10
  2304 | D:4      | Found a hide-covered altar of Uskayaw.
  2506 | D:4      | Found a shadowy altar of Dithmenos.
  2538 | D:4      | Found a snail-covered altar of Cheibriados.
  2697 | D:5      | Entered Level 5 of the Dungeon
  2968 | D:5      | Noticed Blork the orc
  2978 | D:5      | Killed Blork the orc
  3229 | D:5      | Found a basalt altar of Yredelemnul.
  3235 | D:5      | Became a worshipper of Yredelemnul the Dark
  3324 | D:5      | Reached XP level 8. HP: 42/67 MP: 12/12
  3905 | D:5      | Found a stormy altar of Qazlal.
  3906 | D:5      | Noticed a water elemental
  3909 | D:5      | Noticed an air elemental
  4019 | D:6      | Reached * piety under Yredelemnul
  4365 | D:6      | Reached XP level 9. HP: 45/70 MP: 14/14
  4479 | D:6      | Reached ** piety under Yredelemnul
  4517 | D:6      | Found a sand-covered staircase.
  4536 | Ossuary  | Entered an ossuary
  4985 | D:6      | Reached *** piety under Yredelemnul
  5096 | D:6      | Found Doas's Antique Weapon Shop.
  5347 | D:7      | Found a white marble altar of Elyvilon.
  5670 | D:7      | Reached skill level 5 in Invocations
  5677 | D:7      | Found a staircase to the Ecumenical Temple.
  6318 | D:8      | Reached XP level 10. HP: 77/78 MP: 17/17
  6370 | D:8      | Received a gift from Yredelemnul (a wight)
  6481 | D:8      | Reached **** piety under Yredelemnul
  6653 | D:8      | Reached skill level 5 in Short Blades
  6653 | D:8      | Reached skill level 5 in Long Blades
  6653 | D:8      | Reached skill level 5 in Axes
  6653 | D:8      | Reached skill level 5 in Maces & Flails
  6653 | D:8      | Reached skill level 5 in Staves
  6653 | D:8      | Reached skill level 5 in Slings
  6653 | D:8      | Reached skill level 5 in Bows
  6653 | D:8      | Reached skill level 5 in Crossbows
  6653 | D:8      | Reached skill level 5 in Throwing
  6653 | D:8      | Reached skill level 5 in Dodging
  6653 | D:8      | Reached skill level 5 in Stealth
  6653 | D:8      | Reached skill level 5 in Unarmed Combat
  6653 | D:8      | Reached skill level 5 in Spellcasting
  6653 | D:8      | Reached skill level 5 in Evocations
  6932 | D:8      | Received a gift from Yredelemnul (a mummy)
  7000 | D:8      | Received a gift from Yredelemnul (a wraith)
  7104 | D:8      | Found a deep blue altar of Sif Muna.
  7444 | D:9      | Found a glowing silver altar of Zin.
  7482 | D:9      | Noticed Pikel
  7496 | D:9      | Killed Pikel
  7825 | D:9      | Noticed a two-headed ogre
  7840 | D:9      | Noticed a two-headed ogre
  7846 | D:9      | Your ally Pikel died
  7856 | D:9      | Killed a two-headed ogre
  7861 | D:9      | Killed a two-headed ogre
  7861 | D:9      | Reached XP level 11. HP: 69/85 MP: 13/19
  7861 | D:9      | Received a gift from Yredelemnul (2 flying skulls)
  7862 | D:9      | Found a staircase to the Lair.
  7869 | D:9      | Noticed shugdite's ghost (journeyman MiFi)
  7885 | D:9      | Killed shugdite's ghost
  8162 | D:9      | Received a gift from Yredelemnul (a wraith)
  8336 | D:10     | Entered Level 10 of the Dungeon
  8411 | D:10     | Reached skill level 5 in Conjurations
  8411 | D:10     | Reached skill level 5 in Hexes
  8411 | D:10     | Reached skill level 5 in Charms
  8411 | D:10     | Reached skill level 5 in Summonings
  8411 | D:10     | Reached skill level 5 in Necromancy
  8411 | D:10     | Reached skill level 5 in Translocations
  8411 | D:10     | Reached skill level 5 in Transmutations
  8411 | D:10     | Reached skill level 5 in Fire Magic
  8411 | D:10     | Reached skill level 5 in Ice Magic
  8411 | D:10     | Reached skill level 5 in Air Magic
  8411 | D:10     | Reached skill level 5 in Earth Magic
  8411 | D:10     | Reached skill level 5 in Poison Magic
  8641 | D:10     | Noticed Harold
  8647 | D:10     | HP: 2/130 [Harold/bolt of fire (17)]
  8654 | D:10     | Killed Harold
  8988 | D:10     | Noticed Urug
  8999 | D:10     | Killed Urug
  8999 | D:10     | Reached ***** piety under Yredelemnul
  9244 | D:10     | Noticed Psyche
  9256 | D:10     | Killed Psyche
  9786 | D:11     | Received a gift from Yredelemnul (a wraith)
  9915 | D:11     | Received a gift from Yredelemnul (a phantasmal warrior)
 10269 | D:11     | Received a gift from Yredelemnul (a phantasmal warrior)
 10484 | D:11     | Noticed a manticore
 10488 | D:11     | Killed a manticore
 10488 | D:11     | Reached XP level 12. HP: 84/96 MP: 22/22
 10521 | D:11     | Received a gift from Yredelemnul (a flying skull)
 10526 | D:11     | Received a gift from Yredelemnul (a wraith)
 10544 | D:11     | Found a staircase to the Orcish Mines.
 10547 | D:11     | Received a gift from Yredelemnul (a flayed ghost)
 10863 | D:11     | Noticed poxu's ghost (journeyman DEWz)
 10874 | D:11     | Killed poxu's ghost
 10948 | Lair:1   | Entered Level 1 of the Lair of Beasts
 11045 | Lair:1   | Noticed a seven-headed hydra
 11050 | Lair:1   | Killed a seven-headed hydra
 11140 | Lair:1   | Received a gift from Yredelemnul (a phantasmal warrior)
 11213 | Lair:1   | Received a gift from Yredelemnul (a vampire)
 11333 | Lair:1   | Reached ****** piety under Yredelemnul
 11543 | Lair:1   | Found a dark tunnel.
 11552 | Volcano  | Entered a volcano
 11725 | Lair:1   | Received a gift from Yredelemnul (a wraith)
 12180 | Lair:2   | Noticed a six-headed hydra
 12190 | Lair:2   | Killed a six-headed hydra
 12986 | Lair:3   | Reached skill level 10 in Fighting
 12986 | Lair:3   | Reached skill level 10 in Armour
 12986 | Lair:3   | Reached skill level 10 in Shields
 13367 | Lair:3   | Noticed Sonja
 13391 | Lair:3   | Found a hole to the Spider Nest.
 13394 | Lair:3   | Killed Sonja
 13682 | Lair:3   | Noticed a seven-headed hydra
 13690 | Lair:3   | Killed a seven-headed hydra
 13690 | Lair:3   | Reached XP level 13. HP: 103/103 MP: 24/24
 14044 | Lair:4   | Received a gift from Yredelemnul (a vampire)
 14075 | Lair:4   | Received a gift from Yredelemnul (a flayed ghost)
 14329 | Lair:4   | Received a gift from Yredelemnul (a skeletal warrior)
 14627 | Lair:4   | Found the +8 whip "Snakebite" {curare, rPois}
 14905 | Lair:4   | Received a gift from Yredelemnul (a skeletal warrior)
 15429 | Lair:4   | Found a staircase to the Swamp.
 15943 | Orc:1    | Entered Level 1 of the Orcish Mines
 16057 | Orc:1    | Noticed Maurice
 16062 | Orc:1    | Killed Maurice
 16068 | Orc:1    | Noticed Erolcha
 16072 | Orc:1    | Killed Erolcha
 16073 | Orc:1    | Received a gift from Yredelemnul (a profane servitor)
 16507 | Orc:2    | Entered Level 2 of the Orcish Mines
 16669 | Orc:2    | Paralysed by an orc sorcerer for 5 turns
 16790 | Orc:2    | Found a staircase to the Elven Halls.
 16819 | Orc:2    | Received a gift from Yredelemnul (a profane servitor)
 16838 | Orc:2    | Received a gift from Yredelemnul (a bone dragon)
 16841 | Orc:2    | Found Ymey's Food Emporium.
 16841 | Orc:2    | Found Saanoare's Jewellery Shop.
 16905 | Orc:2    | Noticed an orc warlord
 16914 | Orc:2    | Killed an orc warlord
 16914 | Orc:2    | Enslaved an orc warlord
 16985 | Orc:2    | Noticed Saint Roka
 16991 | Orc:2    | Killed from afar by Saint Roka

Skill      XL: |  1  2  3  4  5  6  7  8  9 10 11 12 13 |
---------------+----------------------------------------+-----
Invocations    | 1 2 3 4 5 6 7 8 9 |  9.0
Short Blades   | 1 2 3 4 5 6 7 8 |  8.3
Long Blades    | 1 2 3 4 5 6 7 8 |  8.3
Axes           | 1 2 3 4 5 6 7 8 |  8.3
Maces & Flails | 1 2 3 4 5 6 7 8 |  8.3
Staves         | 1 2 3 4 5 6 7 8 |  8.3
Slings         | 1 2 3 4 5 6 7 8 |  8.3
Bows           | 1 2 3 4 5 6 7 8 |  8.3
Crossbows      | 1 2 3 4 5 6 7 8 |  8.3
Throwing       | 1 2 3 4 5 6 7 8 |  8.3
Dodging        | 1 2 3 4 5 6 7 8 |  8.3
Stealth        | 1 2 3 4 5 6 7 8 |  8.3
Unarmed Combat | 1 2 3 4 5 6 7 8 |  8.3
Spellcasting   | 1 2 3 4 5 6 7 8 |  8.3
Evocations     | 1 2 3 4 5 6 7 8 |  8.3
Conjurations   | 1 2 3 4 5 6 |  6.9
Hexes          | 1 2 3 4 5 6 |  6.9
Charms         | 1 2 3 4 5 6 |  6.9
Summonings     | 1 2 3 4 5 6 |  6.9
Necromancy     | 1 2 3 4 5 6 |  6.9
Translocations | 1 2 3 4 5 6 |  6.9
Transmutations | 1 2 3 4 5 6 |  6.9
Fire Magic     | 1 2 3 4 5 6 |  6.9
Ice Magic      | 1 2 3 4 5 6 |  6.9
Air Magic      | 1 2 3 4 5 6 |  6.9
Earth Magic    | 1 2 3 4 5 6 |  6.9
Poison Magic   | 1 2 3 4 5 6 |  6.9
Polearms       | 5 6 7 8 9 |  9.5
Fighting       | 7 8 9 10 | 10.5
Armour         | 7 8 9 10 | 10.5
Shields        | 7 8 9 10 | 10.5

Action                   |  1- 3 |  4- 6 |  7- 9 | 10-12 | 13-15 || total
-------------------------+-------+-------+-------+-------+-------++-------
Melee: Trident           |   108 |   198 |    52 |       |       ||   358
       Bite              |     9 |    17 |    52 |   103 |    18 ||   199
       Long sword        |       |       |   339 |   521 |    53 ||   913
       Glaive            |       |       |       |       |    50 ||    50
       Whip              |       |       |       |       |    14 ||    14
Invok: Animate Remains   |       |       |     4 |       |       ||     4
       Animate Dead      |       |       |     3 |    37 |    18 ||    58
       Recall Undead Sla |       |       |       |    11 |     3 ||    14
       Drain Life        |       |       |       |     1 |       ||     1
       Enslave Soul      |       |       |       |       |     2 ||     2
  Use: Scroll            |     3 |       |     5 |     4 |     1 ||    13
       Potion            |       |       |     1 |    11 |     1 ||    13
 Stab: Sleeping          |       |       |     1 |     1 |     1 ||     3
       Distracted        |       |       |       |     6 |     1 ||     7
  Eat: Chunk             |       |     5 |    16 |    32 |    16 ||    69
       Ration            |       |       |       |     1 |       ||     1
Armor: Scale mail        |    25 |    49 |   103 |   202 |    40 ||   419
       Skin              |       |       |       |     5 |       ||     5
Dodge: Dodged            |    20 |    33 |   120 |   290 |    77 ||   540
Block: Shield            |    49 |    80 |   214 |   416 |    54 ||   813
       Rpst.: Long sword |       |       |    35 |    86 |     9 ||   130
